 Dungeon Crawl Stone Soup version 0.26-a0-1191-ge2a0e31ab3 (webtiles) character file.

Game seed: 12409145015722207872

133 sanka the Insei (level 4, -11/40 HPs)
             Began as a Draconian Monk on Dec 29, 2020.
             Killed by divine providence
             ... invoked by an orc priest
              (13 damage)
             ... on level 3 of the Dungeon.
             The game lasted 00:03:17 (2450 turns).

sanka the Insei (Draconian Monk)                    Turns: 2450, Time: 00:03:18

Health: -11/40     AC:  5    Str: 14    XL:     4   Next: 93%
Magic:  4/4        EV: 14    Int: 10    God:
Gold:   53         SH:  0    Dex: 20    Spells: 3/3 levels left

rFire    . . .     SeeInvis .     - Unarmed
rCold    . . .     Faith    .   (no shield)
rNeg     . . .     Spirit   .   (armour unavailable)
rPois    .         Reflect  .   (helmet restricted)
rElec    .         Harm     .   (no cloak)
rCorr    .         Rampage  .   (no gloves)
Will     .....                  (no boots)
Stlth    ++........             (no amulet)
HPRegen  0.13/turn              (no ring)
MPRegen  0.09/turn              b - +6 ring of dexterity (curse)

@: no status effects
A: unfitting armour, cold-blooded, AC +5
a: no special abilities


You were on level 3 of the Dungeon.
You visited 1 branch of the dungeon, and saw 3 of its levels.

You collected 53 gold pieces.


Innate Abilities, Weirdness & Mutations

Your plain brown scales are hard. (AC +5)
You cannot fit into any form of body armour.
You are cold-blooded and may be slowed by cold attacks.


   Skills:
 - Level 4.0 Fighting
 - Level 3.0 Dodging
 - Level 1.7 Stealth
 * Level 5.1 Unarmed Combat


You had 3 spell levels left.
You didn't know any spells.
Your spell library was empty.

Inventory:

Missiles
 n - 7 javelins (quivered)
Jewellery
 b - a cursed +6 ring of dexterity (right hand)
Wands
 l - a wand of polymorph (4)
Scrolls
 a - a scroll of amnesia {unknown}
 c - 2 scrolls of enchant weapon {unknown}
 d - a scroll of fear {unknown}
 f - 2 scrolls of magic mapping {unknown}
 g - a scroll of identify {unknown}
 m - a scroll of random uselessness {unknown}
Potions
 e - a potion of degeneration {unknown}
 h - a potion of might {unknown}
 i - a potion of heal wounds {unknown}
 j - a potion of haste {unknown}
 k - a potion of curing {unknown}

Dungeon Overview and Level Annotations

Branches:
Dungeon (3/15)

Altars:

▒▒▒▒ .▒ ▒..▒▒ ▒
▒.▒ ▒...▒.▒.£.▒
▒>▒ .▒...▒ ▒.▒
▒.... ▒)▒▒...
▒▒▒▒▒†d▒)▒▒
........oo.▒
..▒▒▒▒▒▒▒.......
.▒..... .▒ .▒▒.
▒▒ ▒


You could see an orc priest and an orc.


Message History

You barely miss the orc priest.
The orc priest is moderately wounded.
The orc priest barely misses you.
You hit the orc priest.
The orc priest is heavily wounded.
You hit the orc priest.
The orc priest is almost dead.
The orc priest barely misses you.
You completely miss the orc priest.
The orc priest is almost dead.
The orc priest invokes the aid of Beogh against you.
Beogh smites you!
* * * LOW HITPOINT WARNING * * *
You closely miss the orc priest.
The orc priest is almost dead.
The orc priest mumbles some strange prayers to Beogh against you.
Beogh smites you!
* * * LOW HITPOINT WARNING * * *
You hit the orc priest but do no damage.
The orc priest is almost dead.
The orc priest begins to cast a cantrip, but forgets the words!
You hit the orc priest but do no damage.
The orc priest is almost dead.
The orc priest casts a cantrip, but nothing happens.
An orc comes into view. It is wielding a +0 dagger.
You barely miss the orc priest.
The orc priest is almost dead.
The orc priest invokes the aid of Beogh against you.
Beogh smites you!
You die...

Action                   |  1- 3 |  4- 6 || total
-------------------------+-------+-------++-------
Melee: Unarmed           |   119 |    64 ||   183
       Tailslap          |    20 |     8 ||    28
       Punch             |     3 |     1 ||     4
 Stab: Sleeping          |    14 |     1 ||    15
Armor: Skin              |    20 |    10 ||    30
Dodge: Dodged            |    62 |    27 ||    89

Levels and vault maps discovered:
D:1:      dpeg_arrival_pits, layout_loops_corners, patterned_corridor
D:2:      layout_loops_ring
D:3:      layout_rooms, chequers_ecumenical_altar_island,
          nicolae_gozag_cash_rules_everything_around_me, uniq_jessica

Notes
Turn   | Place    | Note
-------+----------+-------------------------------------------
     0 | D:1      | sanka the Draconian Monk began the quest for the Orb.
     0 | D:1      | Reached XP level 1. HP: 19/19 MP: 1/1
   163 | D:1      | Reached skill level 4 in Fighting
   163 | D:1      | Reached XP level 2. HP: 19/27 MP: 2/2
   710 | D:1      | Reached skill level 3 in Dodging
   937 | D:1      | Reached XP level 3. HP: 33/33 MP: 3/3
  1444 | D:2      | Reached skill level 4 in Unarmed Combat
  1719 | D:2      | Reached XP level 4. HP: 30/40 MP: 4/4
  2358 | D:2      | Reached skill level 5 in Unarmed Combat
  2447 | D:3      | HP: 2/40 [orc priest/divine providence (15)]
  2450 | D:3      | Killed from afar by an orc priest

Vanquished Creatures
  An orc priest (D:2)
  3 adders (D:2)
  2 oozes
  A dart slug (D:1)
  3 worms (D:2)
  2 leopard geckos (D:1)
  3 orcs
  3 giant cockroaches
  3 hobgoblins
  3 jackals (D:2)
  5 kobolds
  A quokka (D:2)
  5 bats
  6 frilled lizards
  8 goblins
  10 rats
59 creatures vanquished.
